 Dungeon Crawl Stone Soup version 0.25.1-2-g60ff931df9 (webtiles) character file.

Game seed: 2302182839784290853

167377 DildoBatman the Earth Mage (level 18, -3/134 HPs)
             Began as a Formicid Wizard on Sept 1, 2020.
             Was an Initiate of Gozag.
             Slain by a black mamba (8 damage)
             ... on level 4 of the Snake Pit.
             The game lasted 02:40:58 (37993 turns).

DildoBatman the Earth Mage (Formicid Wizard)       Turns: 37993, Time: 02:40:58

Health: -3/134     AC: 11    Str: 10    XL:     18   Next: 55%
Magic:  4/35       EV: 12    Int: 34    God:    Gozag
Gold:   153        SH: 12    Dex: 12    Spells: 14/43 levels left

rFire    + . .     SeeInvis +   b - +8 war axe of Iconoclasm {venom, rPois Int+6 Dex-3}
rCold    + . .     Gourm    .   q - +0 kite shield
rNeg     . . .     Faith    .   o - +2 troll leather armour
rPois    +         Spirit   .   (helmet unavailable)
rElec    +         Reflect  .   r - +2 cloak
rCorr    +         Harm     .   (no gloves)
MR       ++...                  (no boots)
Stlth    ++........             (no amulet)
HPRegen  0.72/turn              I - +6 ring of dexterity
MPRegen  0.24/turn              Z - ring of Namingal {rPois rCorr}

@: mighty, resistant, stab, constricted, studying Evocations
A: permanent stasis, dig shafts and tunnels, four strong arms, antennae 3,
hooves 1, clever 1, magic resistance 1, poison resistance, weak 1
a: Dig, Shaft Self, Potion Petition, Call Merchant, Bribe Branch, Renounce
Religion


You were on level 4 of the Snake Pit.
You worshipped Gozag.
Gozag was aware of your devotion.
You were full.

You visited 5 branches of the dungeon, and saw 28 of its levels.
You also visited: Ice Cave.

You collected 8007 gold pieces.
You spent 4404 gold pieces at shops.
You paid 3450 gold pieces to Gozag.

Inventory:

Hand Weapons
 a - the +5 hand crossbow "Jichema" {penet, Int+3 Dex+3}
   (You found it on level 4 of the Lair of Beasts)

   Ammo fired by it will pass through the targets it hits, potentially hitting
   all targets in its path until it reaches maximum range.
   It affects your intelligence (+3).
   It affects your dexterity (+3).
 b - the +8 war axe of Iconoclasm (weapon) {venom, rPois Int+6 Dex-3}
   (You found it on level 3 of the Lair of Beasts)

   It poisons the flesh of those it strikes.
   It affects your intelligence (+6).
   It affects your dexterity (-3).
   It protects you from poison.
 d - the +5 whip of Carved Optimality {vorpal, rElec}
   (You bought it in a shop on level 2 of the Orcish Mines)

   It inflicts extra damage upon your enemies.
   It insulates you from electricity.
 e - the +7 scimitar of Doom {antimagic, rF- rC+++ Str+3}
   (You took it off a spriggan on level 6 of the Lair of Beasts)

   It reduces the magical energy of the wielder, and disrupts the spells and
   magical abilities of those hit.
   Natural abilities and divine invocations are not affected.
   It affects your strength (+3).
   It makes you vulnerable to fire.
   It renders you almost immune to cold.
 f - the +2 hand axe "Wakeoro" {venom, rF++ rC+ Str-3}
   (You found it on level 7 of the Dungeon)

   It poisons the flesh of those it strikes.
   It affects your strength (-3).
   It greatly protects you from fire.
   It protects you from cold.
Missiles
 k - 182 sling bullets
 P - 4 throwing nets (quivered)
 Q - 862 arrows
 T - 393 bolts
Armour
 o - a +2 troll leather armour (worn)
 q - a +0 kite shield (worn)
 r - a +2 cloak (worn)
Magical Staves
 V - an uncursed staff of energy
Jewellery
 i - an uncursed ring of positive energy
 m - an uncursed ring of protection from magic
 n - an uncursed ring of fire
 p - an uncursed ring of protection from cold
 I - a +6 ring of dexterity (left hand)
 Z - the ring of Namingal (right hand) {rPois rCorr}
   (You found it on level 2 of the Orcish Mines)

   [ring of resist corrosion]

   It protects you from poison.
   It provides partial protection from all sources of acid and corrosion.
Wands
 h - a wand of iceblast (4)
 E - a wand of acid (18)
 R - a wand of disintegration (13)
 S - a wand of clouds (6)
Scrolls
 t - 3 scrolls of fear
 w - a scroll of immolation
 x - 10 scrolls of remove curse
 z - 2 scrolls of identify
 C - a scroll of magic mapping
 H - a scroll of amnesia
 K - 4 scrolls of fog
 L - 3 scrolls of summoning
 U - 2 scrolls of torment
Potions
 g - 5 potions of stabbing
 j - 3 potions of cancellation
 l - 5 potions of might
 s - a potion of magic
 A - 8 potions of flight
 B - 5 potions of curing
 F - 3 potions of invisibility
 G - 3 potions of resistance
 J - 4 potions of ambrosia
 N - 8 potions of brilliance
 W - 3 potions of mutation
Books
 c - a manual of Evocations
Miscellaneous
 u - a lightning rod (4/4)
 D - a phial of floods
Comestibles
 v - 34 rations


   Skills:
 - Level 10.0 Fighting
 - Level 10.0 Armour
 - Level 8.0 Dodging
 - Level 2.4 Stealth
 - Level 12.7 Shields
 - Level 13.1 Spellcasting
 - Level 6.0 Conjurations
 * Level 5.8 Charms
   Level 1.0 Summonings
 - Level 9.0 Necromancy
 - Level 0.8 Translocations
 * Level 6.4 Transmutations
 - Level 5.0 Fire Magic
 * Level 5.8 Ice Magic
 - Level 5.0 Air Magic
 * Level 17.8 Earth Magic


You had 14 spell levels left.
You knew the following spells:

 Your Spells              Type           Power        Failure   Level  Hunger
a - Conjure Flame         Conj/Fire      ######..     1%          3    None
b - Borgnjor's Vile Clut  Necr/Erth      #######...   1%          5    None
c - Petrify               Tmut/Erth      #######.     1%          4    None
d - Vampiric Draining     Necr           ######....   1%          3    None
e - Mephitic Cloud        Conj/Pois/Air  #####...     1%          3    None
f - Shroud of Golubria    Chrm/Tloc      #####.       1%          2    None
g - Ozocubu's Armour      Chrm/Ice       ######..     1%          3    None
h - Dispel Undead         Necr           ######..     1%          4    None
z - Sublimation of Blood  Necr           ######....   1%          2    None

Your spell library contained the following spells:

 Spells                   Type           Power        Failure   Level  Hunger
 Animate Skeleton         Necr           N/A          1%          1    None
 Apportation              Tloc           ####..       1%          1    None
 Foxfire                  Conj/Fire      ####         1%          1    None
 Infusion                 Chrm           ####         1%          1    None
 Magic Dart               Conj           ####         1%          1    None
 Pain                     Necr           ####         1%          1    None
 Shock                    Conj/Air       ####         1%          1    None
 Summon Butterflies       Summ           ####....     1%          1    None
 Ensorcelled Hibernation  Hex/Ice        #####.       1%          2    None
 Song of Slaying          Chrm           ######..     1%          2    None
 Static Discharge         Conj/Air       ######..     1%          3    None
 Animate Dead             Necr           N/A          1%          4    None
 Agony                    Necr           ######..     1%          5    None
 Corona                   Hex            ###....      2%          1    None
 Call Imp                 Summ           ####....     2%          2    None
 Dazzling Flash           Conj/Hex       #####.       2%          3    None
 Inner Flame              Hex/Fire       #####...     2%          3    None
 Spectral Weapon          Hex/Chrm       #####...     2%          3    None
 Sticky Flame             Conj/Fire      ######..     2%          4    None
 Slow                     Hex            ###.....     3%          2    None
 Airstrike                Air            ######....   3%          4    None
 Excruciating Wounds      Chrm/Necr      ######....   3%          5    None
 Recall                   Summ/Tloc      N/A          4%          3    None
 Gell's Gravitas          Tloc           ####......   5%          3    None
 Lesser Beckoning         Tloc           ####......   5%          3    None
 Portal Projectile        Hex/Tloc       ####..       6%          3    None
 Fireball                 Conj/Fire      ######....   7%          5    None
 Lightning Bolt           Conj/Air       ######....   7%          5    None
 Confusing Touch          Hex            ###.....     8%          3    None
 Tukima's Dance           Hex            ###.....     8%          3    None
 Death Channel            Necr           ######....   10%         6    ###....
 Alistair's Intoxication  Tmut/Pois      #####...     19%         5    None
 Yara's Violent Unravell  Hex/Tmut       #####.....   19%         5    None
 Simulacrum               Ice/Necr       ######....   19%         6    ###....
 Metabolic Englaciation   Hex/Ice        #####.....   21%         5    None
 Summon Forest            Summ/Tloc      ####......   43%         5    None
 Dispersal                Tloc           ####......   95%         6    ###....
 Haunt                    Necr/Summ      ######....   95%         7    #####..
 Invisibility             Hex            ###.....     98%         6    ###....
 Borgnjor's Revivificati  Necr           ######....   99%         8    ######.
 Infestation              Necr           ######....   99%         8    ######.
 Death's Door             Chrm/Necr      ######....   100%        8    ######.
 Disjunction              Tloc           ####......   100%        8    ######.
 Necromutation            Tmut/Necr      ######....   100%        8    ######.
 Swiftness                Chrm/Air       Unusable     N/A         2    N/A
 Blink                    Tloc           Unusable     N/A         2    N/A
 Controlled Blink         Tloc           Unusable     N/A         8    N/A

Dungeon Overview and Level Annotations

Branches:
Dungeon (15/15)            Temple (1/1) D:4            Lair (6/6) D:9
 Shoals (0/4) Lair:4        Snake (4/4) Lair:3        Slime (0/5) Lair:5
    Orc (2/2) D:10            Elf (0/3) Orc:2        Vaults (0/5) D:14
 Depths (0/5) D:15          IceCv (visited)

Altars:
Ashenzari
Cheibriados
Dithmenos
Elyvilon
Fedhas
Gozag
Hepliaklqana
Kikubaaqudgha
Makhleb
Nemelex Xobeh
Okawaru
Qazlal
Ru
Sif Muna
Trog
Uskayaw
Vehumet
Wu Jian
Xom
Yredelemnul
Zin
The Shining One
Beogh

Shops:
D:10 %   D:11 !   Orc:2 *:*[(   Snake:1 *%:*   Snake:2 }=[=   Snake:4 *

Portals:
Abyss: Orc:2
Trove: D:15 (give +3 gold dragon scales)


Innate Abilities, Weirdness & Mutations

You cannot be hasted, slowed, berserked, paralysed or teleported.
You can dig through walls and to a lower floor.
Your four strong arms can wield two-handed weapons with a shield.
You have a pair of large antennae on your head. (SInv)
You have large cloven feet.
Your mind is acute. (Int +2)
You are resistant to hostile enchantments. (MR+)
Your system is resistant to poisons. (rPois)
You are weak. (Str -2)


Message History

You block the naga warrior's attack. The anaconda barely misses you.
The black mamba barely misses you. You block the naga mage's attack.
The naga mage constricts you. [a] - 78 gold - flight [b] - 728 gold - invisibility, stabbing, resistance and might [c] - 432 gold - resistance, might and stabbing Purchase which effect?
You no longer have enough gold to petition Gozag for potion effects.
You feel protected.
You feel very mighty all of a sudden.
You feel ready to backstab. The anaconda misses you.
You block the black mamba's attack.
The naga warrior hits you but does no damage.
The anaconda bites you. The black mamba bites you!
You die...
Your body crumbles into a pile of gold.

##### ..# .######## #...#...
........####...#.##
#....#..#)$......#
#...^............#
#..#....^)).....# .
.....#.#..#....### .#### ##.#
#.##.SNN..# ..#.. .
##.##.S@..## #.#..
#...#.#....### #....
#######8)8##.####..# #....
......8...8........#####
#....
##.....♣)....###....$$###....
###.8...8.###.#....##.))....
###.∩.####..###.........##
#.8...8.###......##.....## .
#.....♣.....###..########$(.


You could see a naga warrior, an anaconda, a black mamba and a naga mage
(catching breath).

Vanquished Creatures
  Rupert (Lair:4)
  Jorgrun (D:12)
  Frances (D:12)
  6 nagarajas
  An angel (D:13)
  The ghost of Kerr0r the Severer, a journeyman HOBe of Trog (Orc:2)
  2 orc warlords (Orc:1)
  Nessos (D:12)
  Josephine (Lair:4)
  2 rakshasas (Orc:2)
  A catoblepas (Lair:6)
  13 naga warriors
  2 ice dragons (D:15)
  7 anacondas
  12 hydras
  Harold (Lair:2)
  2 centaur warriors
  6 two-headed ogres
  An ogre mage (D:13)
  Erica (D:11)
  A death yak (Lair:6)
  2 tengu warriors (D:12)
  10 naga sharpshooters
  6 shock serpents
  3 orc high priests (Orc:2)
  3 salamander mystics
  A sixfirhy (Orc:2)
  3 unseen horrors
  2 sea snakes (Snake:3)
  A shadow wraith (D:12)
  3 wizards
  4 naga ritualists
  7 orc knights
  A necromancer (D:14)
  2 wolf spider zombies
  A deep elf mage (D:12)
  8 mana vipers
  10 ugly things
  5 salamanders
  4 cyclopes
  2 manticores
  14 elephants (Lair:6)
  7 orc sorcerers
  A large abomination (Orc:2)
  A guardian serpent (Snake:1)
  14 spiny frogs
  23 black mambas
  3 ice statues (IceCv)
  Psyche (D:12)
  25 naga magi
  A gargoyle (D:15)
  A hellion (Orc:2)
  4 rime drakes
  2 death yak zombies
  2 kobold demonologists
  2 yaktaurs (D:12)
  2 tengu conjurers (D:13)
  An ancient zyme (Orc:2)
  6 komodo dragons
  3 meliai (D:13)
  6 hornets
  11 trolls
  5 polar bears
  4 hydra zombies
  5 blink frogs (Lair:6)
  8 slime creatures
  5 dream sheep
  A snapping turtle (Lair:4)
  2 black mamba zombies
  3 hippogriffs
  14 spriggans (Lair:6)
  A centaur simulacrum (D:12)
  A vampire (D:13)
  2 water elementals (D:15)
  5 wraiths
  A shadow (D:13)
  A human (D:7)
  62 yaks
  4 hogs (D:7)
  4 wyverns
  4 basilisks
  4 hungry ghosts
  A neqoxec (Orc:2)
  2 steam dragons
  2 vampire mosquitoes (D:12)
  3 wargs
  40 nagas
  A tengu zombie (D:9)
  2 acid dragons (Lair:6)
  6 porcupines
  A swamp drake (Lair:6)
  6 water moccasins
  7 spiny frog zombies
  33 orc warriors
  11 ice beasts
  3 phantoms
  A spiny frog skeleton (Lair:2)
  7 ogres
  A dream sheep zombie (Lair:4)
  A necrophage (D:7)
  4 sky beasts
  4 black bears
  20 wolves
  4 boggarts (Lair:6)
  3 blink frog zombies (Lair:4)
  An elf zombie (D:9)
  2 rime drake zombies (IceCv)
  10 centaurs
  A dream sheep skeleton (Lair:1)
  9 crocodiles
  A komodo dragon zombie (Lair:4)
  3 big kobolds
  16 bullfrogs
  A rime drake skeleton (IceCv)
  A gnoll sergeant (Orc:2)
  4 earth elementals (D:14)
  2 water moccasin zombies (Lair:1)
  A komodo dragon skeleton (Lair:2)
  A scorpion (D:7)
  A yak zombie (Lair:1)
  20 killer bees (D:10)
  A wight (D:12)
  5 electric eels
  A yak skeleton (Lair:1)
  3 howler monkeys (D:8)
  11 crimson imps
  A bullfrog zombie (D:11)
  2 centaur zombies
  A quasit (D:14)
  7 jellies
  4 hounds
  2 bullfrog skeletons
  26 orc priests
  4 iguanas
  A centaur skeleton (D:7)
  A gnoll shaman (D:6)
  41 orc wizards
  14 worker ants
  6 crocodile zombies
  2 hound skeletons
  A worker ant zombie (D:10)
  18 adders
  12 gnolls
  3 shadow imps
  2 worms
  A dart slug (D:1)
  2 leopard geckos
  90 orcs
  5 giant cockroaches
  8 hobgoblins
  17 jackals
  16 kobolds
  9 quokkas
  3 ball pythons
  13 bats
  7 frilled lizards
  4 goblins
  A jackal skeleton (D:4)
  A quokka skeleton (D:4)
  8 rats
  3 fungi
  5 plants
1007 creatures vanquished.

Vanquished Creatures (collateral kills)
  3 killer bees (D:10)
  An orc (D:9)
4 creatures vanquished.

Vanquished Creatures (others)
  2 dancing weapons (D:7)
  An elephant (Lair:6)
  Maurice (D:13)
  A queen bee (D:10)
  A black bear (Lair:6)
  A killer bee (D:10)
  An adder (Snake:2)
  9 fungi
  8 plants
25 creatures vanquished.

Grand Total: 1036 creatures vanquished

Notes
Turn   | Place    | Note
-------+----------+-------------------------------------------
     0 | D:1      | DildoBatman the Formicid Wizard began the quest for the
                  | Orb.
     0 | D:1      | Reached XP level 1. HP: 13/13 MP: 4/4
    34 | D:1      | Reached skill level 1 in Conjurations
   240 | D:1      | Reached XP level 2. HP: 11/19 MP: 0/6
   958 | D:2      | Reached XP level 3. HP: 22/24 MP: 1/7
   963 | D:2      | Learned a level 3 spell: Conjure Flame
   967 | D:2      | Learned a level 3 spell: Mephitic Cloud
  1808 | D:2      | Found a faded altar of an unknown god.
  1864 | D:2      | Reached XP level 4. HP: 29/30 MP: 2/8
  3009 | D:3      | Reached XP level 5. HP: 28/35 MP: 4/9
  3516 | D:3      | Found a stormy altar of Qazlal.
  3975 | D:4      | Found a blossoming altar of Fedhas.
  4000 | D:4      | Reached XP level 6. HP: 36/41 MP: 0/10
  4085 | D:4      | Reached skill level 5 in Conjurations
  4160 | D:4      | Reached skill level 1 in Fire Magic
  4200 | D:4      | Reached skill level 1 in Air Magic
  4333 | D:4      | Found a glowing silver altar of Zin.
  4540 | D:4      | Found a staircase to the Ecumenical Temple.
  4551 | Temple   | Entered the Ecumenical Temple
  4738 | Temple   | Became a worshipper of Kikubaaqudgha
  5072 | D:3      | Reached XP level 7. HP: 46/46 MP: 5/11
  5740 | D:5      | Entered Level 5 of the Dungeon
  6227 | D:5      | Found a sacrificial altar of Ru.
  6507 | D:5      | Found a basalt altar of Yredelemnul.
  6507 | D:5      | Found a shadowy altar of Dithmenos.
  6512 | D:5      | Found a shattered altar of Ashenzari.
  6514 | D:5      | Found a faded altar of an unknown god.
  6515 | D:5      | Found a faded altar of an unknown god.
  6755 | D:5      | Reached * piety under Kikubaaqudgha
  6755 | D:5      | Identified Kikubaaqudgha's Handbook of Stolen Souls
                  | (Kikubaaqudgha gifted it to you on level 5 of the Dungeon)
  6755 | D:5      | Received a gift from Kikubaaqudgha
  6916 | D:6      | Reached XP level 8. HP: 19/52 MP: 2/12
  6957 | D:6      | Found Cumuwega's Magic Scroll Shoppe.
  6974 | D:6      | Noticed a troll
  7046 | D:6      | Found a radiant altar of Vehumet.
  7622 | D:5      | Reached skill level 1 in Fighting
  7622 | D:5      | Reached skill level 1 in Armour
  7930 | D:6      | Killed a troll
  8006 | D:6      | Bought a scroll of fog for 20 gold pieces
  8006 | D:6      | Bought a scroll of summoning for 95 gold pieces
  8006 | D:6      | Bought a scroll of remove curse for 30 gold pieces
  8006 | D:6      | Bought a scroll of amnesia for 35 gold pieces
  8038 | D:7      | Reached XP level 9. HP: 62/62 MP: 11/13
  8380 | D:7      | Reached ** piety under Kikubaaqudgha
  8443 | D:7      | Reached skill level 5 in Fire Magic
  8666 | D:7      | Noticed a +0 hand axe
  8669 | D:7      | Noticed a +0 hand axe
  8678 | D:7      | Found a hide-covered altar of Uskayaw.
  8841 | D:7      | Got a steaming hand axe
  8842 | D:7      | Identified the +2 hand axe "Wakeoro" {venom, rF++ rC+
                  | Str-3} (You found it on level 7 of the Dungeon)
  8866 | D:7      | Learned a level 2 spell: Sublimation of Blood
  8870 | D:7      | Learned a level 3 spell: Vampiric Draining
  8947 | D:7      | Reached skill level 1 in Shields
  8956 | D:7      | Reached skill level 1 in Necromancy
  8968 | D:7      | Reached XP level 10. HP: 44/71 MP: 11/15
  8983 | D:7      | Reached skill level 5 in Air Magic
  9521 | D:8      | Found an opulent altar of Gozag.
  9740 | D:9      | Reached skill level 5 in Shields
  9927 | D:9      | Reached *** piety under Kikubaaqudgha
  9927 | D:9      | Identified Kikubaaqudgha's Papyrus of Dark Secrets
                  | (Kikubaaqudgha gifted it to you on level 9 of the Dungeon)
  9927 | D:9      | Received a gift from Kikubaaqudgha
 10053 | D:9      | Found a staircase to the Lair.
 10307 | D:10     | Entered Level 10 of the Dungeon
 10542 | D:10     | Found Tawniosch's Food Shoppe.
 10591 | D:10     | Found a staircase to the Orcish Mines.
 10942 | D:10     | Learned a level 4 spell: Dispel Undead
 11173 | D:10     | Reached XP level 11. HP: 45/78 MP: 5/17
 11328 | D:11     | Reached **** piety under Kikubaaqudgha
 11540 | D:11     | Noticed Erica
 11557 | D:11     | Reached skill level 5 in Fighting
 11587 | D:11     | Reached skill level 5 in Armour
 11604 | D:11     | Killed Erica
 11604 | D:11     | Reached skill level 5 in Dodging
 11922 | D:11     | Found Misea's Distillery.
 11927 | D:11     | Bought a potion of mutation for 96 gold pieces
 11927 | D:11     | Gained mutation: Your body sometimes deteriorates upon
                  | taking damage. [potion of mutation]
 11927 | D:11     | Gained mutation: You expend magic power (3 MP) to
                  | strengthen your wands. [potion of mutation]
 11928 | D:11     | Bought a potion of mutation for 96 gold pieces
 11928 | D:11     | Lost mutation: Your body sometimes deteriorates upon taking
                  | damage. [potion of mutation]
 11928 | D:11     | Lost mutation: You expend magic power (3 MP) to strengthen
                  | your wands. [potion of mutation]
 11928 | D:11     | Gained mutation: Your spells are a little harder to cast,
                  | but a little more powerful. [potion of mutation]
 11928 | D:11     | Gained mutation: You possess an exceptional clarity of
                  | mind. [potion of mutation]
 11928 | D:11     | Gained mutation: You expend magic power (3 MP) to
                  | strengthen your wands. [potion of mutation]
 12129 | Orc:1    | Entered Level 1 of the Orcish Mines
 12311 | Orc:1    | Noticed a cyclops
 12344 | Orc:1    | Killed a cyclops
 12344 | Orc:1    | Reached skill level 5 in Necromancy
 12694 | Orc:1    | Noticed an orc knight
 12697 | Orc:1    | Noticed an orc sorcerer
 12741 | Orc:1    | Killed an orc sorcerer
 12746 | Orc:1    | Killed an orc knight
 12746 | Orc:1    | Reached ***** piety under Kikubaaqudgha
 12992 | Orc:2    | Entered Level 2 of the Orcish Mines
 12992 | Orc:2    | Noticed an orc warlord
 12992 | Orc:2    | Noticed an orc sorcerer
 12992 | Orc:2    | Noticed an orc knight
 13078 | Orc:2    | Killed an orc knight
 13078 | Orc:2    | Reached XP level 12. HP: 50/91 MP: 5/18
 13437 | Orc:1    | Killed an orc warlord
 13511 | Orc:1    | Reached skill level 5 in Spellcasting
 13616 | Orc:2    | Noticed an orc warlord
 13842 | Orc:1    | Killed an orc warlord
 13890 | Orc:2    | Noticed an orc high priest
 13912 | Orc:2    | Killed an orc high priest
 14033 | Orc:2    | Noticed an orc high priest
 14049 | Orc:2    | Killed an orc high priest
 14171 | Orc:2    | Noticed an orc high priest
 14194 | Orc:2    | Killed an orc high priest
 14194 | Orc:2    | Reached XP level 13. HP: 38/99 MP: 6/22
 14620 | Orc:2    | Found Tytseufe's General Store.
 14631 | Orc:2    | Found a roughly hewn altar of Beogh.
 14654 | Orc:2    | Found a staircase to the Elven Halls.
 14683 | Orc:2    | Found a transporter.
 14683 | Orc:2    | Identified the cursed +1 demon blade of Checks and Balances
                  | {distort, +Rage}
 14683 | Orc:2    | Noticed Kerr0r's ghost (journeyman HOBe)
 14711 | Orc:2    | Noticed a rakshasa
 14793 | Orc:2    | Found a transporter.
 14927 | Orc:2    | Found Ohush's General Store.
 14928 | Orc:2    | Found Leomam's Book Shoppe.
 14929 | Orc:2    | Found Kiocenur's Antique Armour Emporium.
 14929 | Orc:2    | Found Muzuel's Antique Weapon Emporium.
 14934 | Orc:2    | Bought an encrusted whip for 195 gold pieces
 14943 | Orc:2    | Bought a scroll of identify for 24 gold pieces
 14943 | Orc:2    | Bought a scroll of identify for 24 gold pieces
 14943 | Orc:2    | Bought a potion of curing for 36 gold pieces
 14943 | Orc:2    | Bought a scroll of torment for 90 gold pieces
 15164 | Orc:2    | Bought a potion of heal wounds for 70 gold pieces
 15164 | Orc:2    | Bought a potion of cancellation for 112 gold pieces
 15194 | Orc:2    | Identified the +5 whip of Carved Optimality {vorpal, rElec}
                  | (You bought it in a shop on level 2 of the Orcish Mines)
 15376 | D:12     | Noticed a centaur warrior
 15400 | D:12     | Killed a centaur warrior
 15472 | D:12     | Noticed Psyche
 15491 | D:12     | Killed Psyche
 15519 | D:12     | You fall into a shaft and drop 2 floors!
 15542 | D:14     | Noticed a centaur warrior
 15797 | D:14     | Killed a centaur warrior
 15903 | D:14     | Reached ****** piety under Kikubaaqudgha
 15904 | D:14     | Received a gift from Kikubaaqudgha
 15970 | D:12     | Noticed Frances
 16036 | D:9      | Fell from the grace of Kikubaaqudgha
 16286 | D:13     | Found a frozen archway.
 16292 | D:13     | Reached skill level 10 in Fighting
 16292 | D:13     | Reached skill level 10 in Armour
 16299 | IceCv    | Entered an ice cave
 16979 | IceCv    | Learned a level 4 spell: Petrify
 20436 | IceCv    | Got jewelled ice dragon scales
 20544 | D:13     | Identified the cursed +1 ice dragon scales "Sisaomuol" {rF-
                  | rC++ Regen+ Dex+4 Slay+2 SInv} (You found it in an ice
                  | cave)
 20599 | D:13     | Reached skill level 10 in Shields
 20623 | D:13     | Reached XP level 14. HP: 103/110 MP: 21/24
 21657 | D:12     | Found the +10 dark maul {vorpal}
 21895 | D:12     | Noticed Jorgrun
 21904 | D:12     | HP: 3/110 [Jorgrun/iron shot (43)]
 22057 | Lair:1   | Entered Level 1 of the Lair of Beasts
 22810 | Lair:1   | Learned a level 5 spell: Borgnjor's Vile Clutch
 22823 | Lair:1   | Reached skill level 1 in Earth Magic
 23026 | Lair:2   | Reached skill level 2 in Earth Magic
 23037 | Lair:2   | Reached skill level 3 in Earth Magic
 23045 | Lair:2   | Reached skill level 4 in Earth Magic
 23069 | Lair:2   | Reached skill level 5 in Earth Magic
 23227 | Lair:2   | Reached skill level 6 in Earth Magic
 23398 | Lair:2   | Noticed Harold
 23481 | D:8      | Became a worshipper of Gozag Ym Sagoz the Greedy
 23545 | D:7      | Reached skill level 7 in Earth Magic
 24096 | Lair:2   | Killed Harold
 24283 | Lair:2   | Reached skill level 8 in Earth Magic
 24883 | Lair:3   | Found a staircase to the Snake Pit.
 25075 | Lair:3   | Got a warped war axe
 25076 | Lair:3   | Identified the +8 war axe of Iconoclasm {venom, rPois Int+6
                  | Dex-3} (You found it on level 3 of the Lair of Beasts)
 25559 | Lair:4   | Reached skill level 9 in Earth Magic
 25564 | Lair:4   | Noticed Rupert
 25564 | Lair:4   | Noticed Josephine
 25579 | Lair:4   | Killed Rupert
 25788 | Lair:4   | Killed Josephine
 25896 | Lair:4   | Reached XP level 15. HP: 115/115 MP: 17/27
 25912 | Lair:4   | Got a steaming hand crossbow
 26487 | Lair:4   | Got a heavily runed chain mail
 26566 | Lair:4   | Was forgiven by Kikubaaqudgha
 26627 | Lair:4   | Found a staircase to the Shoals.
 27203 | Lair:5   | Found a staircase to the Slime Pits.
 27426 | Lair:5   | Identified the +5 hand crossbow "Jichema" {penet, Int+3
                  | Dex+3} (You found it on level 4 of the Lair of Beasts)
 27440 | Lair:5   | Identified the cursed +1 chain mail "Yngip" {Regen+ Str+4
                  | Int-4} (You found it on level 4 of the Lair of Beasts)
 27909 | Lair:6   | Entered Level 6 of the Lair of Beasts
 27927 | Lair:6   | Reached skill level 10 in Spellcasting
 28254 | Lair:6   | Identified the +7 scimitar of Doom {antimagic, rF- rC+++
                  | Str+3}
 29086 | Lair:6   | Reached XP level 16. HP: 71/122 MP: 7/33
 29543 | D:9      | Lost mutation: You expend magic power (3 MP) to strengthen
                  | your wands. [potion of mutation]
 29543 | D:9      | Lost mutation: You possess an exceptional clarity of mind.
                  | [potion of mutation]
 29543 | D:9      | Lost mutation: Your spells are a little harder to cast, but
                  | a little more powerful. [potion of mutation]
 29543 | D:9      | Gained mutation: You passively map a small area around you.
                  | [potion of mutation]
 29543 | D:9      | Gained mutation: You expend magic power (3 MP) to
                  | strengthen your wands. [potion of mutation]
 29544 | D:9      | Lost mutation: You expend magic power (3 MP) to strengthen
                  | your wands. [potion of mutation]
 29544 | D:9      | Lost mutation: You passively map a small area around you.
                  | [potion of mutation]
 29544 | D:9      | Gained mutation: You have large cloven feet. [potion of
                  | mutation]
 29544 | D:9      | Gained mutation: You are somewhat resistant to further
                  | mutation. [potion of mutation]
 29545 | D:9      | Lost mutation: You have large cloven feet. [potion of
                  | mutation]
 29545 | D:9      | Lost mutation: You are somewhat resistant to further
                  | mutation. [potion of mutation]
 29545 | D:9      | Gained mutation: You have large cloven feet. [potion of
                  | mutation]
 29545 | D:9      | Gained mutation: You are weak. (Str -2) [potion of
                  | mutation]
 29545 | D:9      | Gained mutation: Your mind is acute. (Int +2) [potion of
                  | mutation]
 29545 | D:9      | Gained mutation: You are resistant to hostile enchantments.
                  | (MR+) [potion of mutation]
 29768 | D:12     | Killed Frances
 29768 | D:12     | Reached skill level 10 in Earth Magic
 29888 | D:12     | Noticed Nessos
 30194 | D:12     | Killed Nessos
 30456 | D:12     | Killed Jorgrun
 30618 | D:12     | Reached skill level 11 in Earth Magic
 30834 | D:13     | Noticed Maurice
 30842 | D:13     | Killed Maurice
 30842 | D:13     | Reached skill level 12 in Earth Magic
 30881 | D:13     | Found a white marble altar of Elyvilon.
 30881 | D:13     | Found a runed translucent door.
 31353 | D:14     | Found a shadowy altar of Dithmenos.
 31542 | D:14     | Reached skill level 13 in Earth Magic
 31680 | D:14     | Found a gate to the Vaults.
 32117 | D:15     | Entered Level 15 of the Dungeon
 32264 | D:15     | Found a staircase to the Depths.
 32491 | D:15     | Reached skill level 14 in Earth Magic
 32554 | D:15     | Found an iron altar of Okawaru.
 32568 | D:15     | Found a portal to a secret trove of treasure.
 32572 | D:15     | Got a smouldering hand axe
 33284 | Orc:2    | Gained mutation: Your system is resistant to poisons.
                  | (rPois) [a neqoxec]
 33313 | Orc:2    | Found a one-way gate to the infinite horrors of the Abyss.
 33371 | Orc:2    | Reached XP level 17. HP: 33/128 MP: 0/34
 33627 | Orc:2    | Killed Kerr0r's ghost
 33627 | Orc:2    | Reached skill level 15 in Earth Magic
 33680 | Orc:2    | Got a sparkling copper ring
 33696 | Orc:2    | Identified the cursed +2 hand axe of Obsession {pain, rF+
                  | Int+4 Stlth+} (You found it on level 15 of the Dungeon)
 33712 | Orc:2    | Got Lugonu's Papyrus of the Traveller
 33749 | Orc:2    | Identified the ring of Namingal {rPois rCorr} (You found it
                  | on level 2 of the Orcish Mines)
 33901 | D:6      | Bought a scroll of fog for 20 gold pieces
 33901 | D:6      | Bought a scroll of identify for 20 gold pieces
 34001 | D:11     | Bought a potion of cancellation for 96 gold pieces
 34001 | D:11     | Bought a potion of brilliance for 48 gold pieces
 34001 | D:11     | Bought a potion of resistance for 120 gold pieces
 34001 | D:11     | Bought 2 potions of ambrosia for 192 gold pieces
 34001 | D:11     | Bought a potion of brilliance for 48 gold pieces
 34135 | Orc:2    | Bought a manual of Evocations for 1324 gold pieces
 34311 | Snake:1  | Entered Level 1 of the Snake Pit
 34480 | Snake:1  | Reached skill level 16 in Earth Magic
 34882 | Snake:1  | Found Zubainki's Food Boutique.
 34884 | Snake:1  | Found Wutoqav's Assorted Antiques.
 34934 | Snake:1  | Found Oxziomy's Assorted Antiques.
 34937 | Snake:1  | Found Fengygon's Book Boutique.
 34939 | Snake:1  | Bought a scroll of identify for 44 gold pieces
 34939 | Snake:1  | Bought a potion of heal wounds for 110 gold pieces
 34939 | Snake:1  | Bought a scroll of identify for 44 gold pieces
 34939 | Snake:1  | Bought a leatherbound book for 330 gold pieces
 34945 | Snake:1  | Bought a potion of mutation for 280 gold pieces
 34945 | Snake:1  | Bought a potion of invisibility for 280 gold pieces
 34969 | Snake:1  | Got a masterwork ring mail
 35390 | Snake:1  | Learned a level 3 spell: Ozocubu's Armour
 35393 | Snake:1  | Learned a level 2 spell: Shroud of Golubria
 35404 | Snake:1  | Identified the +3 ring mail of Ukadarho {rF+ Stlth+} (You
                  | found it on level 1 of the Snake Pit)
 35552 | Snake:2  | Reached skill level 1 in Transmutations
 35587 | Snake:2  | Reached skill level 1 in Charms
 35587 | Snake:2  | Reached skill level 1 in Ice Magic
 35598 | Snake:2  | Found Neowoph's Armour Shop.
 35598 | Snake:2  | Found Nuefawny's Jewellery Boutique.
 35599 | Snake:2  | Found Dysommyu's Jewellery Shop.
 35603 | Snake:2  | Found Oriekliso's Gadget Boutique.
 36361 | Snake:3  | Found an opulent altar of Gozag.
 36383 | Snake:2  | Reached skill level 17 in Earth Magic
 36816 | Snake:3  | Got an ancient scale mail
 36830 | Snake:3  | Reached XP level 18. HP: 121/134 MP: 25/35
 36866 | Snake:3  | Identified the +3 scale mail of the Lotus Blossom {+Fly}
                  | (You found it on level 3 of the Snake Pit)
 37087 | Snake:3  | Reached skill level 5 in Transmutations
 37405 | Snake:4  | Entered Level 4 of the Snake Pit
 37693 | Snake:4  | Reached skill level 5 in Ice Magic
 37693 | Snake:4  | Reached skill level 5 in Charms
 37698 | Snake:4  | Found Icvinit's Assorted Antiques.
 37760 | Snake:4  | Bought a potion of curing for 105 gold pieces
 37760 | Snake:4  | Bought a wand of acid (9) for 280 gold pieces
 37760 | Snake:4  | Bought a potion of brilliance for 140 gold pieces
 37993 | Snake:4  | HP: 5/134 [anaconda (2)]
 37993 | Snake:4  | Slain by a black mamba

Illustrated notes

Levels and vault maps discovered:
D:1:      nagdon_arrival_zigzag_paths, layout_rooms,
          hangedman_abyss_or_decor_stabs, minmay_cupped
D:2:      layout_loops_ring, chequers_ecumenical_altar_grove, roderic_lattice_a,
          nrook_mini_backslash
D:3:      layout_loops_ring, nicolae_qazlal_general_emergency
D:4:      layout_cave_pools, kennysheep_mini_moat, minmay_temple_entry_ruins,
          fedhas_altar_1
D:5:      layout_gridville, chequers_temple_overflow_minitemple,
          nicolae_ru_awakened_eye, first_ration, hangedman_decor_peaks_small
D:6:      layout_basic, lemuel_coloured_pillars_altar, serial_shops, shop
D:7:      layout_cave_pools, dancing_weapons_uskayaw, grunt_livestock
D:8:      layout_loops_cross, grunt_gozag_statues
D:9:      layout_gridville, lair_entry_dummy
D:10:     layout_roguey [special_room_bee], david_orc_3, serial_shops, shop
D:11:     layout_roguey, serial_shops, nicolae_shop_stone, uniq_erica
D:12:     minmay_the_grid_4x2 [minmay_the_grid_minigrid_small_alt,
          minmay_the_grid_holed_spiral, minmay_the_grid_broken_lines,
          minmay_the_grid_tiny_cups, minmay_the_grid_zigzag_pyramid,
          minmay_the_grid_stretched_grid, minmay_the_grid_embedded,
          minmay_the_grid_prize_trominoes], layout_irregular_city, minivault_12,
          uniq_jorgrun, uniq_psyche, uniq_frances, uniq_nessos
D:13:     layout_roguey, portal_ice_cave_rime, st_stairs_13, lemuel_angel_altar,
          uniq_maurice
D:14:     minmay_stone_box, layout_long_grid, david_vaults_1,
          serial_park_square2
D:15:     grunt_enter_depths_hoard, layout_long_grid, enter_trove_0,
          okawaru_ov_weapons_minmay, minivault_14
Temple:   nicolae_temple_figure_eight
Lair:1:   layout_hall_layers, st_stairs_8
Lair:2:   layout_gridlike, serial_bayou_lake_a, uniq_harold
Lair:3:   layout_hall_layers, minmay_snake_entry_guardpost_medium,
          infiniplex_staircase_pool
Lair:4:   layout_regular_city, minmay_shoals_entry_hut, uniq_rupert,
          uniq_josephine
Lair:5:   layout_regular_city, minmay_slime_entry_pillars,
          grunt_forest_small_clearings, st_stairs_5, grunt_megastairs_2,
          lemuel_fruit_tree
Lair:6:   minmay_lair_end_enchanted_forest, layout_cave_shapes, minivault_26,
          guppyfry_lair_drakes
Snake:1:  layout_onion, minmay_shop_grid_forest
Snake:2:  layout_onion, serial_bayou_pond_c, minmay_snake_pond, minmay_shoptagon
Snake:3:  nicolae_sea_snake_s, layout_rooms, basic_altar
Snake:4:  snake_pit, layout_misc_corridors, minmay_shop_star
Orc:1:    layout_caves
Orc:2:    st_orc_congregation, layout_diamond_mine, basic_altar, serial_shops,
          nicolae_shop_trees, gammafunk_ghost_abyssal_escape

Skill      XL: |  1  2  3  4  5  6  7  8  9 10 11 12 13 14 15 16 17 18 |
---------------+-------------------------------------------------------+-----
Conjurations   | 1 2 3 4 5 6 |  6.0
Fire Magic     | 2 3 4 5 |  5.0
Air Magic      | 1 2 3 4 5 |  5.0
Dodging        | 2 4 6 7 8 |  8.0
Fighting       | 2 4 7 8 10 | 10.0
Armour         | 2 4 6 8 10 | 10.0
Shields        | 2 9 10 12 | 12.7
Necromancy     | 1 3 5 7 9 |  9.0
Spellcasting   | 4 6 7 8 13 | 13.1
Earth Magic    | 9 14 17 | 17.8
Transmutations | 4 6 |  6.4
Charms         | 4 5 |  5.8
Ice Magic      | 4 5 |  5.8
Stealth        | |  2.4
Summonings     | |  1.0
Translocations | |  0.8

Action                   |  1- 3 |  4- 6 |  7- 9 | 10-12 | 13-15 | 16-18 || total
-------------------------+-------+-------+-------+-------+-------+-------++-------
Melee: Unarmed           |     6 |       |       |       |       |       ||     6
       Short sword       |       |    28 |       |       |       |       ||    28
       Mace              |       |    17 |    32 |       |       |       ||    49
       Falchion          |       |       |   109 |       |       |       ||   109
       Halberd           |       |       |    81 |    35 |   110 |       ||   226
       Dagger            |       |       |    33 |       |       |       ||    33
       Hand axe          |       |       |    21 |   694 |   528 |       ||  1243
       Scimitar          |       |       |       |       |   337 |       ||   337
       Whip              |       |       |       |       |   167 |     6 ||   173
       War axe           |       |       |       |       |   339 |   200 ||   539
       Kick              |       |       |       |       |       |    61 ||    61
       Maul              |       |       |       |       |       |    20 ||    20
 Fire: Shortbow          |       |       |       |       |   125 |       ||   125
       Hand crossbow     |       |       |       |       |       |   208 ||   208
Throw: Dart              |       |     3 |    11 |     1 |     1 |       ||    16
       Boomerang         |       |       |    82 |       |       |       ||    82
       Stone             |       |       |     1 |       |       |       ||     1
       Javelin           |       |       |       |     5 |       |       ||     5
 Cast: Magic Dart        |    88 |   179 |   136 |    45 |     3 |       ||   451
       Mephitic Cloud    |       |     5 |    23 |    74 |   115 |     8 ||   225
       Conjure Flame     |       |       |    30 |    42 |    96 |    13 ||   181
       Vampiric Draining |       |       |       |    19 |    45 |    19 ||    83
       Sublimation of Bl |       |       |       |     6 |     1 |    21 ||    28
       Dispel Undead     |       |       |       |       |     9 |    10 ||    19
       Borgnjor's Vile C |       |       |       |       |    53 |   221 ||   274
       Shroud of Golubri |       |       |       |       |       |     1 ||     1
Invok: Receive Necronomi |       |       |       |       |     1 |       ||     1
       Renounce Religion |       |       |       |       |     1 |       ||     1
       Potion Petition   |       |       |       |       |       |     6 ||     6
 Abil: Dig               |     1 |     6 |    21 |    31 |    59 |    27 ||   145
       Shaft Self        |       |       |       |       |     1 |       ||     1
Evoke: Wand              |       |       |       |     1 |       |       ||     1
  Use: Scroll            |       |     2 |     2 |     6 |    11 |    15 ||    36
       Potion            |       |       |       |     2 |     5 |     8 ||    15
 Stab: Confused          |       |     3 |    16 |    45 |    62 |     2 ||   128
       Sleeping          |       |       |       |     3 |     2 |     7 ||    12
       Distracted        |       |       |       |       |     2 |     4 ||     6
       Petrified         |       |       |       |       |    10 |       ||    10
       Petrifying        |       |       |       |       |     1 |       ||     1
  Eat: Chunk             |     3 |    11 |    17 |    30 |    14 |       ||    75
       Ration            |       |       |     1 |       |    17 |     9 ||    27
Armor: Robe              |     4 |     9 |    13 |       |       |       ||    26
       Troll leather arm |       |       |    27 |    58 |   218 |    83 ||   386
Dodge: Dodged            |    24 |    65 |   162 |   342 |   898 |   274 ||  1765
Block: Kite shield       |       |       |       |   203 |   869 |   310 ||  1382
       Rpst.: Falchion   |       |       |    41 |       |       |       ||    41
       Scimitar          |       |       |       |       |    61 |       ||    61
